 Dungeon Crawl Stone Soup version 0.30.1-11-g7821555f0a (webtiles) character file.

Game seed: 14335697360318176112

77 Lutefisk the Gusty (level 4, -1/28 HPs)
             Began as a Tengu Air Elementalist on Dec 9, 2023.
             Slain by a gnoll
             ... wielding a +0 whip
              (8 damage)
             ... on level 4 of the Dungeon.
             The game lasted 00:08:22 (929 turns).

Lutefisk the Gusty (Tengu Air Elementalist)          Turns: 929, Time: 00:08:22

Health: -1/28      AC:  2    Str:  9    XL:     4   Next: 34%
Magic:  5/8        EV: 11    Int: 17    God:
Gold:   101        SH:  3    Dex: 14    Spells: 1/7 levels left

rFire   . . .        c - +0 dagger
rCold   . . .        l - +0 buckler
rNeg    . . .        a - +0 robe
rPois   .            (helmet restricted)
rElec   .            (no cloak)
rCorr   .            (no gloves)
SInv    .            (boots unavailable)
Will    .....        (no amulet)
Stlth   ++           (no ring)
HPRegen 0.24/turn    (no ring)
MPRegen 0.11/turn

%: no passive effects
@: very slightly contaminated
A: beak, talons 3
a: no special abilities


You were on level 4 of the Dungeon.
You visited 1 branch of the dungeon, and saw 4 of its levels.

You collected 129 gold pieces.
You spent 28 gold pieces at shops.

Inventory:

Hand Weapons
 c - a +0 dagger (weapon)
 h - a +0 short sword
Missiles
 f - 3 poisoned darts (quivered)
Armour
 a - a +0 robe (worn)
 l - a +0 buckler (worn)
Wands
 n - a wand of mindburst (13)
Scrolls
 e - a scroll of immolation {unknown}
 i - a scroll of noise {unknown}
 j - a scroll of amnesia {unknown}
Potions
 b - 2 potions of magic
 d - 3 potions of mutation
 k - a potion of brilliance {unknown}
 m - a potion of heal wounds {unknown}


   Skills:
 - Level 3.0 Fighting
 * Level 0.0 Armour
 - Level 2.1 Dodging
 - Level 2.0 Stealth
 * Level 0.0 Shields
 - Level 2.0 Spellcasting
 * Level 2.4 Conjurations
 * Level 4.6 Air Magic


You had one spell level left.
You knew the following spells:

 Your Spells              Type           Power      Damage    Failure   Level
a - Shock                 Conj/Air       52%        1d6       7%          1
b - Static Discharge      Conj/Air       26%        2-4/arc   11%         2
c - Swiftness             Air            17%        N/A       14%         3

Your spell library contained the following spells:

 Spells                   Type           Power      Damage    Failure   Level
 Momentum Strike          Conj/Tloc      10%        3d8       28%         2
 Blink                    Tloc           2%         N/A       41%         2
 Lesser Beckoning         Tloc           2%         N/A       41%         2
 Airstrike                Air            8%         2d(2-18)  41%         4
 Gell's Gravitas          Tloc           1%         N/A       65%         3
 Teleport Other           Tloc           1%         N/A       65%         3


Dungeon Overview and Level Annotations

Branches:
Dungeon (4/15)
 Temple: D:4-7

Altars:

Shops:
D:2 ?=([   D:3 (


Innate Abilities, Weirdness & Mutations

You have a beak for a mouth.
You have claws for feet.


Message History

You climb upwards.
Found a forked fluorescent wand.
There is a stone staircase leading down here.
n - a wand of mindburst (13)
There is a stone staircase leading down here.
You climb downwards.
There is a stone staircase leading up here.
You pick up a book of Spatial Translocations and begin reading...
You add the spells Blink and Momentum Strike to your library. 3 gnolls come into view.
Found a pair of boots.
The gnoll shouts! x3
The gnoll attacks as you move away! The gnoll hits you with a +0 whip.
The gnoll attacks as you move away! The gnoll barely misses you.
Found a scroll of identify.
The gnoll attacks as you move away! The gnoll barely misses you.
Found a stone staircase leading down.
The gnoll attacks as you move away! The gnoll barely misses you.
The gnoll attacks as you move away! The gnoll closely misses you.
The gnoll attacks as you move away! The gnoll closely misses you.
The gnoll attacks as you move away! The gnoll hits you with a +0 whip!
* * * LOW HITPOINT WARNING * * *
You feel better. The gnoll barely misses you.
The gnoll attacks as you move away! The gnoll barely misses you.
Casting: Shock (safe; 7% risk of failure)
Confirm with . or Enter, or press ? or * to list all spells.
Aiming: Shock (safe; 7% risk of failure)
Press: ? - help, Shift-Dir - straight line The zap misses the gnoll. x2; The zap hits the gnoll.
The gnoll is moderately wounded.
Casting: Shock (safe; 7% risk of failure)
Confirm with . or Enter, or press ? or * to list all spells.
You miscast Static Discharge.
You are very lightly contaminated with residual magic.
Nothing appears to happen.
The gnoll hits you with a +0 whip. x2
* * * LOW HITPOINT WARNING * * *
Unknown command.
The gnoll attacks as you move away! You block the gnoll's attack.
The gnoll attacks as you move away! The gnoll hits you with a +0 whip!
You die...

###### #.>..# #..?.#
##....# ......# #######
#....# ##.....##
##....##########.......#
#.............ggg...##.#
....##.#########@<.###.#
..#.#[.# #......## #.#
..#...######.#...## #.#
.....##...#..#..## #.#
..#............## #.#
....##.......### #.#
.#..###......# #.#
.#.#......##..# ###.#
#...########.# ####...#


You could see 3 gnolls.

Vanquished Creatures
  A sleepcap (D:4)
  A worm (D:2)
  3 dart slugs
  3 ball pythons
  7 endoplasms
  2 giant cockroaches
  A goblin (D:1)
  3 hobgoblins
  3 quokkas (D:1)
  5 bats
  3 frilled lizards
  4 kobolds
  5 rats
41 creatures vanquished.

Notes
Turn   | Place    | Note
-------+----------+-------------------------------------------
     0 | D:1      | Lutefisk the Tengu Air Elementalist began the quest for the
                  | Orb.
     0 | D:1      | Reached XP level 1. HP: 10/10 MP: 4/4
    30 | D:1      | Reached skill level 1 in Fighting
    64 | D:1      | Reached XP level 2. HP: 16/16 MP: 6/6
   289 | D:2      | Reached XP level 3. HP: 22/22 MP: 4/7
   330 | D:2      | Found Daawu's Jewellery Boutique.
   468 | D:2      | Found Faumain's Antique Weapon Shop.
   494 | D:2      | Found Ovuab's Antique Armour Shop.
   692 | D:2      | Found Bisoinefeu's Magic Scroll Shop.
   695 | D:2      | Bought a scroll of identify for 28 gold pieces
   805 | D:3      | Found Ecvez's Antique Weapon Emporium.
   850 | D:4      | HP: 1/22 [sleepcap (4)]
   852 | D:4      | Reached XP level 4. HP: 2/28 MP: 0/8
   855 | D:4      | Learned a level 2 spell: Static Discharge
   859 | D:4      | Learned a level 3 spell: Swiftness
   929 | D:4      | Slain by a gnoll

Illustrated notes

Levels and vault maps discovered:
D:1:      dpeg_arrival_ternary, layout_rooms, minmay_domino_4
D:2:      layout_basic, serial_shops, shop, nicolae_shop_rolled_up, shop,
          nicolae_shop_behind_doors, chequers_avenue
D:3:      layout_loops_ring, serial_shops, nicolae_shop_just_a_little_nook,
          serial_bayou_pond_d, uniq_natasha, uniq_robin
D:4:      layout_rooms, ebering_ghost_inner_flame

Skill      XL: |  1  2  3 |
---------------+----------+-----
Fighting       | 1 2 3 |  3.0
Conjurations   | 2 |  2.4
Dodging        | |  2.1
Stealth        | |  2.0
Spellcasting   | |  2.0
Air Magic      | |  4.6

Action                     |  1- 3 |  4- 6 || total
---------------------------+-------+-------++-------
  Melee: Dagger            |    38 |       ||    38
         Kick              |    12 |       ||    12
         Peck              |     4 |       ||     4
  Throw: Dart              |       |     1 ||     1
   Cast: Shock             |    46 |     1 ||    47
    Use: Scroll            |     2 |       ||     2
         Potion            |       |     1 ||     1
   Stab: Sleeping          |     4 |       ||     4
 Armour: Robe              |     9 |       ||     9
  Dodge: Dodged            |    20 |     7 ||    27
  Block: Buckler           |     4 |     1 ||     5
